 Dungeon Crawl Stone Soup version 0.30.1-4-g462c640d31 (webtiles) character file.

Game seed: 11066587656579675323

1734516 grothendieck the Conqueror (level 25, 231/231 HPs)
             Began as a Minotaur Berserker on Aug 18, 2023.
             Was the Champion of Trog.
             Escaped with the Orb
             ... and 3 runes!
             The game lasted 05:04:34 (61058 turns).

grothendieck the Conqueror (Minotaur Berserker)    Turns: 61058, Time: 05:04:35

Health: 231/231    AC: 40    Str: 34    XL:     25   Next: 12%
Magic:  8/8        EV: 16    Int:  6    God:    Trog [******]
Gold:   1358       SH: 31    Dex: 17    Spells: 24/24 levels left

rFire   + . .        h - +9 broad axe (antimagic)
rCold   + . .        Y - +3 tower shield
rNeg    + . .        d - +3 crystal plate armour {rC+}
rPois   +            (helmet restricted)
rElec   .            N - +1 cloak
rCorr   +            V - +0 pair of gloves of the Robin {rPois rCorr Str+7}
SInv    .            W - +2 pair of boots {rampage}
Will    ++...        U - amulet of Guam {Reflect Regen+ SH+5} Stlth
                     L - ring of Ling {rN+ Slay+4}
HPRegen 1.38/turn    Z - ring "Aneti" {rF+ Will+ rCorr}
MPRegen 0.11/turn

%: reflection, rampage
@: studying Evocations
A: horns 2, retaliatory headbutt, thin skeletal structure 2, frail 1, high MP 1,
screaming 1, weak 1
0: Orb of Zot
}: 3/15 runes: serpentine, barnacled, silver
a: Renounce Religion, Berserk, Trog's Hand, Brothers in Arms


You escaped.
You worshipped Trog.
Trog was exalted by your worship.
You visited 9 branches of the dungeon, and saw 45 of its levels.
You visited the Abyss 1 time.
You visited 1 bazaar.
You also visited: Bailey and Ice Cave.

You collected 6548 gold pieces.
You spent 5190 gold pieces at shops.

Inventory:

Hand Weapons
 h - a +9 antimagic broad axe (weapon)
 o - a +3 war axe of flaming
 G - a +3 vampiric broad axe
Missiles
 e - 54 boomerangs
 n - 21 silver javelins
 t - 2 throwing nets
 x - 33 poisoned darts
 H - 13 javelins
 K - 14 curare-tipped darts (quivered)
Armour
 d - a +3 crystal plate armour of cold resistance (worn)
 u - the -2 pair of gloves of the Wilderness {Rampage rElec rPois Regen+}
   (You found it on level 3 of the Realm of Zot)

   rElec:     It insulates you from electricity.
   rPois:     It protects you from poison.
   Regen:     It increases your rate of health regeneration.
   Rampage:   It bestows one free step when moving towards enemies.
 v - the +1 hat of Anaesthesia {rElec Will+ Dex+3}
   (You acquired it on level 3 of the Lair of Beasts)

   Dex:       It affects your dexterity (+3).
   rElec:     It insulates you from electricity.
   Will:      It increases your willpower.
 N - a +1 cloak (worn)
 S - a +2 plate armour of fire resistance
 V - the +0 pair of gloves of the Robin (worn) {rPois rCorr Str+7}
   (You found it in an ice cave)

   Str:       It affects your strength (+7).
   rPois:     It protects you from poison.
   rCorr:     It protects you from acid and corrosion.
 W - a +2 pair of boots of rampaging (worn)
 Y - a +3 tower shield (worn)
Jewellery
 b - the ring "Naiwef" {rN+ Int+2 SInv}
   (You bought it in a shop on level 4 of the Snake Pit)

   [ring of see invisible]

   Int:       It affects your intelligence (+2).
   rN:        It protects you from negative energy.
   SInv:      It lets you see invisible.
 L - the ring of Ling (left hand) {rN+ Slay+4}
   (You found it on level 1 of the Shoals)

   [ring of slaying]

   Slay:      It affects your accuracy & damage with ranged weapons and melee
   (+4).
   rN:        It protects you from negative energy.
 O - a ring of flight
 U - the amulet of Guam (around neck) {Reflect Regen+ SH+5}
   (You bought it in a shop on level 2 of the Snake Pit)

   [amulet of reflection]

   It reflects blocked missile attacks.
   Regen:     It increases your rate of health regeneration.
   SH:        It affects your SH (+5).
 X - the ring "Juneteu" {rC+ Str+8 Int-5 Dex+3 SInv}
   (You found it on level 3 of the Realm of Zot)

   [ring of see invisible]

   Str:       It affects your strength (+8).
   Int:       It affects your intelligence (-5).
   Dex:       It affects your dexterity (+3).
   rC:        It protects you from cold.
   SInv:      It lets you see invisible.
 Z - the ring "Aneti" (right hand) {rF+ Will+ rCorr}
   (You found it in an ice cave)

   [ring of resist corrosion]

   rF:        It protects you from fire.
   rCorr:     It protects you from acid and corrosion.
   Will:      It increases your willpower.
Wands
 w - a wand of acid (43)
 z - a wand of digging (12)
 C - a wand of iceblast (15)
 F - a wand of flame (10)
 R - a wand of paralysis (21)
Scrolls
 c - 5 scrolls of blinking
 f - 3 scrolls of magic mapping
 j - 7 scrolls of fear
 r - 12 scrolls of poison
 s - 7 scrolls of immolation
 A - 9 scrolls of fog
 B - 2 scrolls of summoning
 J - 13 scrolls of teleportation
Potions
 a - 5 potions of magic
 g - 6 potions of heal wounds
 i - 16 potions of curing
 k - 5 potions of ambrosia
 m - 5 potions of might
 q - 2 potions of cancellation
 D - 2 potions of resistance
 I - 3 potions of invisibility
 P - a potion of mutation
 Q - 8 potions of attraction
 T - 5 potions of haste
Miscellaneous
 l - a tin of tremorstones (2/2)
 y - a box of beasts
 E - a lightning rod (4/4)
 M - a phantom mirror


   Skills:
 O Level 27 Fighting
 + Level 19.3 Axes
 + Level 18.2 Throwing
 + Level 22.9 Armour
 + Level 16.8 Dodging
 + Level 22.0 Shields
 + Level 16.9 Evocations


You had 24 spell levels left.
You didn't know any spells.
Your spell library was empty.

Dungeon Overview and Level Annotations

Branches:
Dungeon (15/15)            Temple (1/1) D:6            Lair (5/5) D:10
 Shoals (4/4) Lair:2        Snake (4/4) Lair:3        Slime (0/5) Lair:5
    Orc (2/2) D:9             Elf (0/3) Orc:2        Vaults (5/5) D:13
  Crypt (0/3) Vaults:2     Depths (4/4) D:15            Zot (5/5) Depths:4
 Bailey (visited)           IceCv (visited)

Altars:
Ashenzari
Dithmenos
Elyvilon
Gozag
Hepliaklqana
Kikubaaqudgha
Okawaru
Qazlal
Trog
Wu Jian
Xom
Yredelemnul
The Shining One
Lugonu

Shops:
D:5 [   D:13 ?   D:15 :   Orc:1 [   Orc:2 ([?=   Snake:2 =   Snake:4 =:=
Vaults:2 =?   Vaults:5 [   Depths:2 [   Depths:3 ?=*   Depths:4 *:

Portals:
Hell: Depths:1 Depths:2 Depths:3 Depths:4
Abyss: D:8 Lair:5 Depths:1 Depths:3 Depths:4
Pandemonium: Depths:2
Ziggurat: Depths:2

Annotations:
Orc:2 1 runed translucent door, KyoPewz's ghost, journeyman DsHW
Depths:1 2 transporters, 1 runed translucent door, Qaalar's ghost, adept TrMo
Depths:3 2 runed translucent doors, Cioh's ghost, adept TrMo
Zot:2 Tiamat
Zot:4 exclusion: 2 downstairs


Innate Abilities, Weirdness & Mutations

You have a pair of horns on your head.
You reflexively headbutt those who attack you in melee.
You have a moderately thin skeletal structure. (Dex +4, Stealth++)
You are frail. (-10% HP)
You have an increased reservoir of magic. (+10% MP)
You occasionally shout uncontrollably at your foes.
You are weak. (Str -2)


Message History

A hellion comes into view.
You slice the Orb Guardian!! You headbutt the Orb Guardian!!
The Orb Guardian is heavily wounded.
You block the Orb Guardian's attack. The Orb Guardian barely misses you.
You furiously retaliate!
You headbutt the Orb Guardian! You block the Orb Guardian's attack.
A mysterious force pulls you upwards. The hatch slams shut behind you.
You barely miss the Orb Guardian.
You headbutt the Orb Guardian, but do no damage.
The Orb Guardian is severely wounded.
You block the Orb Guardian's attack.
You slice the Orb Guardian!!
You kill the Orb Guardian!
Trog accepts your kill.
There is an escape hatch in the ceiling here.
A mysterious force pulls you upwards. The hatch slams shut behind you.
(D) Dungeon (T) Temple (L) Lair (A) Shoals (P) Snake Pit (M) Slime Pits (O) Orcish Mines (E) Elven Halls (V) Vaults (C) Crypt (U) Depths (H) Hell (Z) Zot
Where to? (Enter - D:1 @ (x,y), ? - help)
What level of the Dungeon? (default 1, ? - help)
There is a stone staircase leading up here.
You see here a +0 dagger.
You climb upwards.
There is a stone staircase leading down here.
There is a stone staircase leading up here.
You climb upwards.
There is a stone staircase leading down here.
There is an open door here.
There is an open door here.
There is an open door here.
There is an escape hatch in the ceiling here.
A mysterious force pulls you upwards. The hatch slams shut behind you.
There is an open door here.
There is a staircase leading out of the dungeon here.
Okay, then.
As you read the scroll of summoning, it crumbles to dust.
Wisps of shadow whirl around you...
You have escaped!

♣♣......#
♣♣.......#
♣........#
♣♣........#
♣♣.........♣
♣..........♣
####..........♣
##..#######....♣♣
#@l..'..........♣
#Sg..#..........♣♣
##..#######......♣
##'#............♣
#..#..P.........♣
#..#.P.P.P..#..#♣
#..#..P.P.P.#..#
#..#.P.P....#..#
#..#..P...P.#..#


You could see a friendly hobgoblin (summoned), a friendly ball python (summoned)
and a friendly frilled lizard (summoned).

Vanquished Creatures
  3 dread liches
  3 orbs of fire (Zot:5)
  2 ancient liches
  Mara (Shoals:3)
  2 juggernauts (Depths:2)
  6 Killer Klowns
  A curse toe (Zot:2)
  Vashnia (Snake:3)
  Saint Roka (Orc:2)
  10 golden dragons
  Jory (Depths:3)
  A bone dragon (Depths:4)
  Jorgrun (Shoals:2)
  2 electric golems (Zot:5)
  11 tentacled monstrosities
  A walking crystal tome (Depths:4)
  5 liches
  26 Orb Guardians
  2 quicksilver dragons
  A walking divine tome (Depths:3)
  2 acid blobs
  8 death cobs
  6 sphinxes
  A kraken (Shoals:1)
  4 titans
  An ancient champion (Vaults:2)
  19 storm dragons
  8 tengu reavers
  Ilsuiw (Shoals:2)
  15 shadow dragons
  8 draconian monks
  A revenant (Abyss:1)
  14 fire giants
  6 frost giants
  4 draconian knights
  8 nagarajas
  19 vault wardens
  A ghost moth (Zot:4)
  6 draconian scorchers
  An angel (Zot:2)
  A balrug (Depths:1)
  2 iron dragons
  Aizul (Shoals:2)
  5 draconian shifters
  7 orc warlords
  2 spriggan defenders
  16 ironbound preservers
  11 very ugly things
  3 draconian stormcallers
  A war gargoyle (Vaults:5)
  6 stone giants
  7 draconian annihilators
  6 ironbound thunderhulks
  A vampire knight (Depths:3)
  10 green draconians
  A deep elf demonologist (Vaults:4)
  7 black draconians
  23 dire elephants
  11 red draconians
  Azrael (Snake:1)
  9 purple draconians
  3 deep elf annihilators
  6 white draconians
  8 yellow draconians
  A bunyip (shapeshifter) (Vaults:5)
  14 ettins
  The ghost of ripuliukko the Eclecticist, a journeyman DEEE of Vehumet (D:14)
  2 deep elf death magi
  9 fire dragons
  2 spark wasps (Depths:2)
  10 merfolk impalers
  5 deep elf high priests (Vaults:5)
  39 vault guards
  5 merfolk javelineers
  12 yaktaur captains
  7 ice dragons
  4 entropy weavers
  A rakshasa (Depths:3)
  8 great orbs of eyes
  4 hydras
  2 salamander tyrants
  6 anacondas
  3 spriggan air magi
  2 death knights
  2 catoblepae
  27 centaur warriors
  7 ironbound frosthearts
  4 boulder beetles
  2 ogre magi (D:15)
  5 merfolk avatars
  7 merfolk aquamancers
  2 satyrs (Shoals:4)
  6 tengu warriors
  4 deep troll shamans
  11 two-headed ogres
  6 spriggan berserkers
  6 death yaks
  26 naga sharpshooters
  5 deep troll earth magi
  11 naga warriors
  3 vampire magi
  5 shock serpents
  A hell knight (Depths:3)
  4 thrashing horrors (Lair:5)
  6 iron trolls
  Amaemon (Lair:1)
  The ghost of Descartes the Thaumaturge, a novice DjWn of Qazlal (D:8)
  A wretched star (Abyss:1)
  5 shadow wraiths
  A fire crab (shapeshifter) (Lair:5)
  5 skeletal warriors
  5 skysharks
  The ghost of Quickbrownfox the Destroyer, a novice DsCj of Vehumet (D:10)
  4 flayed ghosts (Depths:3)
  A spectral spark wasp (Depths:3)
  2 obsidian statues
  5 glowing orange brains
  4 salamander mystics
  7 sea snakes
  A bog body (IceCv)
  6 lindwurms
  A deep troll (shapeshifter) (Depths:3)
  17 spriggan simulacra (IceCv)
  8 phantasmal warriors
  A swamp dragon (shapeshifter) (Vaults:5)
  52 deep trolls
  13 harpies
  A steelbarb worm (shapeshifter) (Lair:5)
  12 wizards
  14 orc knights
  7 naga ritualists
  A harpy (shapeshifter) (Vaults:5)
  22 ironbound convokers
  2 deep elf pyromancers (D:13)
  A shadow dragon zombie (Depths:3)
  17 salamanders
  25 fauns
  A fire giant zombie (Vaults:5)
  3 mana vipers
  A wolf spider (Vaults:5)
  5 large abominations
  15 manticores
  34 ugly things
  7 necromancers
  An orc sorcerer (Orc:2)
  A cyclops (shapeshifter) (Vaults:1)
  17 moths of wrath
  10 cyclopes
  3 water nymphs
  3 elf zombies
  A moth of wrath (shapeshifter) (D:15)
  10 merfolk sirens
  6 elephants (Lair:3)
  Maurice (Orc:2)
  2 elephants (shapeshifter)
  7 guardian serpents
  14 naga magi
  20 vault sentinels
  An apocalypse crab (Shoals:1)
  29 black mambas
  14 cane toads
  2 smoke demons (Depths:1)
  A gargoyle (D:13)
  2 orange demons
  7 unseen horrors
  A komodo dragon (shapeshifter) (Depths:2)
  A kobold demonologist (D:13)
  A rime drake (shapeshifter) (Depths:3)
  2 freezing wraiths
  A rime drake (Lair:5)
  30 yaktaurs
  5 komodo dragons
  6 tengu conjurers
  2 efreet
  3 ancient zymes
  2 polar bears
  6 ice devils (IceCv)
  2 tengu simulacra
  28 merfolk
  7 trolls
  A wind drake (shapeshifter) (Lair:5)
  7 meliai (D:15)
  12 blink frogs
  4 wind drakes
  9 snapping turtles
  8 dream sheep
  A tarantella (Vaults:1)
  2 human simulacra
  A raiju (shapeshifter) (D:15)
  30 slime creatures
  A sphinx simulacrum (Depths:4)
  A spriggan (Lair:5)
  20 small abominations
  A spriggan (shapeshifter) (Vaults:1)
  A jumping spider (Vaults:1)
  A ynoxinul (Lair:5)
  34 yaks
  A vampire (D:13)
  5 wraiths
  3 water elementals
  5 shadows
  5 wyverns
  A dire elephant simulacrum (IceCv)
  11 basilisks
  2 humans (Bailey)
  A human (shapeshifter) (D:13)
  5 chaos spawn
  4 fire elementals
  5 redbacks
  2 steam dragons
  2 vampire mosquitoes (D:10)
  5 minotaur simulacra (IceCv)
  A glowing shapeshifter zombie (Vaults:3)
  44 nagas
  9 wargs
  A harpy simulacrum (IceCv)
  Duvessa (D:7)
  2 swamp worms (Lair:3)
  A hydra simulacrum (IceCv)
  2 floating eyes
  10 water moccasins
  A hell hound (Snake:2)
  38 orc warriors
  2 black bears
  A human zombie (Vaults:4)
  An ice beast (D:5)
  A sky beast (D:8)
  An ettin simulacrum (IceCv)
  An alligator simulacrum (IceCv)
  9 boggarts
  6 ogres
  A wolf (shapeshifter) (Vaults:5)
  17 centaurs
  6 wolves
  An elf simulacrum (Vaults:3)
  A phantom (D:6)
  A kobold brigand (D:10)
  2 human skeletons
  17 bullfrogs
  5 deep troll simulacra (IceCv)
  2 scorpions
  3 gnoll sergeants
  Dowan (D:6)
  7 wights
  18 killer bees
  2 lindwurm simulacra (IceCv)
  8 howler monkeys
  6 electric eels
  A crimson imp (Abyss:1)
  3 jellies
  5 hounds
  23 orc priests
  A hound (shapeshifter) (Vaults:5)
  Ijyb (D:4)
  3 iguanas
  3 sleepcaps
  24 orc wizards
  Terence (D:2)
  5 gnolls
  An adder (D:2)
  A shadow imp (D:5)
  A white imp (Abyss:1)
  An ufetubus (Abyss:1)
  2 worms
  3 dart slugs
  98 orcs
  An orc (shapeshifter) (Vaults:1)
  A ball python (shapeshifter) (Lair:5)
  2 bats
  2 endoplasms (D:3)
  A giant cockroach (D:4)
  12 hobgoblins
  8 jackals
  4 quokkas
  5 ball pythons
  5 frilled lizards
  15 goblins
  6 kobolds
  7 rats
  3 tentacles (Shoals:1)
1878 creatures vanquished.

Vanquished Creatures (collateral kills)
  Josephina (Depths:4)
  Vv (Zot:4)
  A vault warden (Vaults:5)
  A stone giant (Vaults:5)
  An ironbound thunderhulk (Vaults:5)
  A merfolk impaler (Shoals:3)
  A merfolk javelineer (Shoals:4)
  A deep elf high priest (Vaults:5)
  A vault guard (Vaults:5)
  A rakshasa (Depths:3)
  A satyr (Shoals:4)
  A naga sharpshooter (Snake:3)
  Sonja (Lair:3)
  A skeletal warrior (Depths:3)
  A sea snake (Shoals:4)
  5 fauns
  A golden dragon simulacrum (Depths:4)
  8 merfolk
  A wind drake (Shoals:3)
  Prince Ribbit (Bailey)
  2 sphinx simulacra (Depths:4)
  A spatial vortex (Abyss:1)
34 creatures vanquished.

Vanquished Creatures (others)
  A ghost moth (Zot:1)
  A naga warrior (Snake:3)
  A wizard (Vaults:3)
  2 manticores
  A naga (Snake:3)
  A shadow imp (D:7)
  2 lurking horrors (Abyss:1)
  12 tentacles (Shoals:1)
21 creatures vanquished.

Grand Total: 1933 creatures vanquished

Notes
Turn   | Place    | Note
-------+----------+-------------------------------------------
     0 | D:1      | grothendieck the Minotaur Berserker began the quest for the
                  | Orb.
     0 | D:1      | Reached XP level 1. HP: 19/19 MP: 0/0
   131 | D:1      | Found a faded altar of an unknown god.
   337 | D:1      | Reached XP level 2. HP: 27/27 MP: 1/1
  1189 | D:2      | Reached skill level 4 in Fighting
  1227 | D:2      | Reached XP level 3. HP: 26/33 MP: 2/2
  1834 | D:3      | Reached ** piety under Trog
  1991 | D:3      | Noticed Terence
  2003 | D:2      | Killed Terence
  2004 | D:2      | Reached skill level 5 in Axes
  2004 | D:2      | Reached XP level 4. HP: 39/40 MP: 3/3
  2736 | D:4      | Noticed a scorpion
  2744 | D:4      | Killed a scorpion
  2745 | D:4      | Reached XP level 5. HP: 47/47 MP: 4/4
  2983 | D:4      | Noticed Ijyb
  2990 | D:4      | Killed Ijyb
  2991 | D:4      | Reached skill level 5 in Fighting
  3145 | D:4      | Noticed an ogre
  3572 | D:5      | Entered Level 5 of the Dungeon
  3572 | D:5      | Found Suapn's Antique Armour Shop.
  3632 | D:5      | Noticed an ice beast
  3647 | D:5      | Killed an ice beast
  3648 | D:5      | Reached XP level 6. HP: 56/56 MP: 5/5
  4027 | D:5      | Reached skill level 5 in Armour
  4027 | D:5      | Reached XP level 7. HP: 62/62 MP: 6/6
  4404 | D:6      | Found an iron altar of Okawaru.
  4748 | D:6      | Reached skill level 6 in Fighting
  5171 | D:6      | Found a staircase to the Ecumenical Temple.
  5171 | D:6      | Noticed a steam dragon
  5179 | D:6      | Killed a steam dragon
  5184 | Temple   | Entered the Ecumenical Temple
  5252 | D:7      | Reached XP level 8. HP: 71/71 MP: 7/7
  5381 | D:7      | Found an ornate altar of the Wu Jian Council.
  5382 | D:7      | Found a stormy altar of Qazlal.
  5382 | D:7      | Noticed a boulder beetle
  5566 | D:7      | Noticed Duvessa
  5566 | D:7      | Noticed Dowan
  5570 | D:7      | Killed Duvessa
  5571 | D:7      | Reached skill level 7 in Fighting
  5734 | D:6      | Killed Dowan
  6098 | D:8      | Noticed a two-headed ogre
  6109 | D:8      | Killed a two-headed ogre
  6110 | D:8      | Reached skill level 10 in Axes
  6110 | D:8      | Reached XP level 9. HP: 81/81 MP: 8/8
  6142 | D:8      | Found an ancient bone altar of Kikubaaqudgha.
  6144 | D:8      | Found a hazy altar of Hepliaklqana.
  6202 | D:8      | Found a one-way gate to the infinite horrors of the Abyss.
  6202 | D:8      | Noticed Descartes's ghost (novice DjWn)
  6302 | D:8      | Reached skill level 8 in Fighting
  6460 | D:8      | Found a transporter.
  6605 | D:8      | Reached *** piety under Trog
  6812 | D:8      | Found a transporter.
  6873 | D:8      | Found an opulent altar of Gozag.
  7110 | D:7      | Killed a boulder beetle
  7111 | D:7      | Reached skill level 9 in Fighting
  7333 | D:5      | Bought a pair of runed boots for 262 gold pieces
  8051 | D:9      | Found a staircase to the Orcish Mines.
  8051 | D:9      | Found a broken altar of Ashenzari.
  8107 | D:9      | Reached XP level 10. HP: 91/91 MP: 9/9
  8148 | D:9      | Found a basalt altar of Yredelemnul.
  8257 | D:9      | Found a flagged portal.
  8277 | Bailey   | Entered a bailey
  8309 | Bailey   | Reached **** piety under Trog
  8323 | Bailey   | Reached skill level 10 in Fighting
  8388 | Bailey   | Noticed Prince Ribbit
  8388 | Bailey   | Noticed a vault guard
  8401 | Bailey   | Killed a vault guard
  8402 | Bailey   | Reached skill level 1 in Throwing
  8402 | Bailey   | Reached skill level 10 in Armour
  8402 | Bailey   | Reached skill level 1 in Evocations
  8403 | Bailey   | Killed Prince Ribbit
  8462 | Bailey   | Noticed a vault guard
  8473 | Bailey   | Killed a vault guard
  8686 | D:9      | Noticed a two-headed ogre
  8697 | D:9      | Killed a two-headed ogre
  8698 | D:9      | Reached XP level 11. HP: 101/101 MP: 10/10
  9145 | D:10     | Entered Level 10 of the Dungeon
  9509 | D:10     | Found a staircase to the Lair.
  9771 | D:10     | Noticed a tengu warrior
  9772 | D:10     | Found a transporter.
  9772 | D:10     | Noticed Quickbrownfox's ghost (novice DsCj)
  9773 | D:10     | Noticed a two-headed ogre
  9775 | D:10     | Found a bloodstained altar of Trog.
  9791 | D:10     | Found a transporter.
  9853 | D:10     | Noticed a wizard
  9866 | D:10     | Killed a wizard
  9900 | D:10     | Noticed a wizard
  9902 | D:10     | Noticed a wizard
  9908 | D:10     | Killed a wizard
  9909 | D:10     | Reached skill level 11 in Fighting
  9918 | D:10     | Killed a wizard
  9919 | D:10     | Reached skill level 15 in Axes
  9957 | D:10     | Noticed a wizard
  9962 | D:10     | Killed a wizard
  9974 | D:10     | Noticed a wizard
  9994 | D:10     | Killed a wizard
 10184 | D:10     | Found a white marble altar of Elyvilon.
 10187 | D:10     | Found a bloodstained altar of Trog.
 10392 | D:10     | Noticed a wizard
 10403 | D:10     | Killed a wizard
 10721 | Lair:1   | Entered Level 1 of the Lair of Beasts
 10721 | Lair:1   | Noticed Amaemon
 10738 | Lair:1   | Killed Amaemon
 11690 | Lair:2   | Reached XP level 12. HP: 96/110 MP: 11/11
 11985 | Lair:2   | Found a staircase to the Shoals.
 12290 | Lair:2   | Reached skill level 5 in Throwing
 12327 | Lair:2   | You fall into a shaft and drop 2 floors!
 12845 | Lair:3   | Noticed Sonja
 12851 | Abyss:1  | Cast into level 1 of the Abyss (Sonja)
 12861 | Abyss:1  | Found a corrupted altar of Lugonu.
 12905 | Abyss:1  | Noticed a revenant
 12914 | Abyss:1  | Killed a revenant
 12915 | Abyss:1  | Reached skill level 12 in Fighting
 13093 | Abyss:1  | Reached skill level 5 in Evocations
 13105 | Abyss:1  | Noticed a Hell Sentinel
 13122 | Abyss:2  | Found a corrupted altar of Lugonu.
 13131 | Lair:3   | Escaped the Abyss
 14356 | Lair:5   | Entered Level 5 of the Lair of Beasts
 14375 | Lair:5   | Found a shimmering altar of Xom.
 14383 | Lair:4   | Reached skill level 1 in Shields
 14383 | Lair:4   | Reached XP level 13. HP: 117/119 MP: 12/12
 14903 | Lair:5   | Found a staircase to the Slime Pits.
 15320 | Lair:5   | Reached skill level 13 in Fighting
 15786 | Lair:5   | Reached skill level 5 in Shields
 17200 | Orc:1    | Entered Level 1 of the Orcish Mines
 17219 | Orc:1    | Reached ***** piety under Trog
 17296 | Orc:1    | Found a transporter.
 17480 | Orc:1    | Found Paolil's Antique Armour Boutique.
 17500 | Orc:1    | Found a transporter.
 17886 | Orc:2    | Entered Level 2 of the Orcish Mines
 17909 | Orc:2    | Found a flickering gateway to a bazaar.
 17910 | Orc:2    | Found a staircase to the Elven Halls.
 17964 | Bazaar   | Entered a bazaar
 17980 | Bazaar   | Found Okusk's Assorted Antiques.
 17981 | Bazaar   | Found Koedd's Antique Weapon Shoppe.
 18024 | Bazaar   | Found Muent's Distillery.
 18024 | Bazaar   | Found Xihir's Book Emporium.
 18067 | Bazaar   | Bought a scroll labelled WURAIT IFECOIFOPLO for 14 gold
                  | pieces
 18067 | Bazaar   | Bought 2 scrolls labelled TEUZUT OFAHI for 28 gold pieces
 18067 | Bazaar   | Bought a potion of haste for 140 gold pieces
 18067 | Bazaar   | Bought a potion of curing for 42 gold pieces
 18067 | Bazaar   | Bought a potion of curing for 42 gold pieces
 18067 | Bazaar   | Bought a scroll of identify for 28 gold pieces
 18087 | Bazaar   | Bought a potion of cancellation for 104 gold pieces
 18087 | Bazaar   | Bought a potion of curing for 39 gold pieces
 18087 | Bazaar   | Bought a potion of heal wounds for 65 gold pieces
 18175 | Orc:2    | Noticed Maurice
 18185 | Orc:2    | Killed Maurice
 18540 | Orc:2    | Received a gift from Trog
 18740 | Orc:2    | Found a runed translucent door.
 18742 | Orc:2    | Noticed KyoPewz's ghost (journeyman DsHW)
 18831 | Orc:2    | Found Muerph's Magic Scroll Boutique.
 18876 | Orc:2    | Found Xainamiwn's Jewellery Emporium.
 19481 | Orc:2    | Reached XP level 14. HP: 130/130 MP: 13/13
 19578 | Orc:2    | Noticed Saint Roka
 19607 | Orc:2    | Killed Saint Roka
 19608 | Orc:2    | Reached skill level 14 in Fighting
 19729 | Orc:2    | Found Motuidgh's Antique Weapon Shoppe.
 19734 | Orc:2    | Found Ulyh's Antique Armour Emporium.
 19819 | Orc:2    | Bought a scroll of teleportation for 39 gold pieces
 20043 | D:8      | Killed Descartes's ghost
 20383 | D:10     | Found the +3 warlock's mirror {omnireflect}
 20468 | D:10     | Killed Quickbrownfox's ghost
 20588 | D:10     | Reached skill level 10 in Shields
 20891 | D:12     | Identified the +0 ring mail of the Fae God {Int+3}
 21747 | D:13     | Received a gift from Trog
 22078 | D:13     | Noticed an ironbound preserver
 22314 | D:13     | Found Gaselas's Magic Scroll Shop.
 22391 | D:13     | Bought 2 scrolls of fog for 112 gold pieces
 22543 | D:13     | You fall into a shaft and drop 2 floors!
 22543 | D:15     | Entered Level 15 of the Dungeon
 22672 | D:15     | Reached skill level 15 in Fighting
 23129 | D:14     | Reached skill level 15 in Armour
 23237 | D:13     | Found a gate to the Vaults.
 23266 | D:13     | Killed an ironbound preserver
 23488 | D:14     | Reached XP level 15. HP: 141/141 MP: 14/14
 23603 | D:14     | Found a transporter.
 23603 | D:14     | Noticed a frost giant
 23603 | D:14     | Noticed ripuliukko's ghost (journeyman DEEE)
 23634 | D:14     | Found a glowing golden altar of the Shining One.
 23748 | D:14     | Found a transporter.
 23753 | D:14     | Identified the +3 great mace "Ogior" {freeze, rPois}
 23753 | D:14     | Noticed a frost giant
 23968 | D:15     | Found a broken altar of Ashenzari.
 24273 | D:15     | Found a staircase to the Depths.
 24674 | D:15     | Found Heorais's Book Boutique.
 24764 | D:15     | Reached ****** piety under Trog
 25800 | Lair:3   | Received a gift from Trog
 26032 | Lair:3   | Killed Sonja
 26297 | Lair:3   | Identified the ring of Kixi Ake {rPois rF+ rN+ Str-3
                  | Stlth+}
 26677 | Lair:3   | Found a staircase to the Snake Pit.
 26721 | Lair:3   | Identified a scroll of acquirement
 26722 | Lair:3   | Acquired the +1 hat of Anaesthesia {rElec Will+ Dex+3}
 26769 | Snake:1  | Entered Level 1 of the Snake Pit
 26831 | Snake:1  | Reached skill level 16 in Fighting
 28592 | Snake:2  | Found Tohaerom's Jewellery Shop.
 28593 | Snake:2  | Noticed Azrael
 28659 | Snake:1  | Killed Azrael
 28659 | Snake:1  | Received a gift from Trog
 28787 | Snake:2  | Bought the amulet of Guam {Reflect Regen+ SH+5} for 518
                  | gold pieces
 29634 | Snake:3  | Noticed Vashnia
 29652 | Snake:3  | Reached XP level 16. HP: 144/152 MP: 15/15
 29673 | Snake:3  | Killed Vashnia
 29755 | Snake:3  | Reached skill level 5 in Dodging
 29761 | Snake:3  | Reached skill level 17 in Fighting
 30466 | Snake:3  | Received a gift from Trog
 30532 | Snake:4  | Entered Level 4 of the Snake Pit
 30869 | Snake:4  | Reached skill level 15 in Shields
 31219 | Snake:4  | Received a gift from Trog
 31713 | Snake:4  | Found Ecrev's Book Shoppe.
 31714 | Snake:4  | Found Nucwenodd's Jewellery Boutique.
 31714 | Snake:4  | Found Ugyoxa's Jewellery Boutique.
 31932 | Snake:4  | Reached skill level 18 in Fighting
 32224 | Snake:4  | Reached XP level 17. HP: 47/165 MP: 16/16
 32453 | Snake:4  | Received a gift from Trog
 32585 | Snake:4  | Got a serpentine rune of Zot
 32815 | Shoals:1 | Entered Level 1 of the Shoals
 33776 | Shoals:1 | Noticed a kraken
 33807 | Shoals:1 | Killed a kraken
 33898 | Shoals:1 | Noticed a tentacled monstrosity
 33912 | Shoals:1 | Killed a tentacled monstrosity
 33955 | Shoals:1 | Identified the ring of Ling {rN+ Slay+4}
 34212 | Shoals:2 | Noticed Ilsuiw
 34231 | Shoals:2 | Reached skill level 19 in Fighting
 34235 | Shoals:2 | Killed Ilsuiw
 34237 | Shoals:2 | Noticed Aizul
 34257 | Shoals:2 | Killed Aizul
 34323 | Shoals:2 | Received a gift from Trog
 34716 | Shoals:2 | Noticed Jorgrun
 34729 | Shoals:2 | Killed Jorgrun
 35356 | Shoals:3 | Noticed Mara
 35401 | Shoals:3 | Killed Mara
 35538 | Shoals:3 | Reached XP level 18. HP: 131/176 MP: 17/17
 35714 | Shoals:3 | Reached skill level 10 in Throwing
 36009 | Shoals:4 | Entered Level 4 of the Shoals
 36040 | Shoals:3 | Identified the +0 hat of Dithmenos's Hatred {rElec Slay+2}
 36042 | Shoals:3 | Identified the +6 rapier "Bingo" {heavy, *Noise MP+9 Str+4
                  | Dex+8}
 36108 | Shoals:4 | Found a frozen archway.
 36160 | IceCv    | Entered an ice cave
 36205 | IceCv    | Received a gift from Trog
 36366 | IceCv    | Reached skill level 20 in Fighting
 36714 | IceCv    | Identified the +0 pair of gloves of the Robin {rPois rCorr
                  | Str+7}
 36725 | IceCv    | Identified the ring "Aneti" {rF+ Will+ rCorr}
 36749 | IceCv    | Noticed an Ice Fiend
 37189 | IceCv    | Identified the +3 whip "Micy" {heavy, *Slow rF+ rCorr}
 37259 | Shoals:4 | Received a gift from Trog
 38219 | Shoals:4 | Got a barnacled rune of Zot
 38314 | Shoals:4 | Received a gift from Trog
 38470 | Lair:1   | Acquired a manual of Throwing
 38702 | Snake:4  | Bought the ring "Naiwef" {rN+ Int+2 SInv} for 395 gold
                  | pieces
 38992 | Vaults:1 | Entered Level 1 of the Vaults
 39104 | Vaults:1 | Reached skill level 10 in Evocations
 39275 | Vaults:1 | Reached skill level 10 in Dodging
 39509 | Vaults:1 | Reached skill level 21 in Fighting
 39509 | Vaults:1 | Reached XP level 19. HP: 172/189 MP: 18/18
 39675 | Vaults:1 | Received a gift from Trog
 39778 | Vaults:1 | Identified the +4 chain mail of Failure {rElec rN+ Will+}
 39834 | Vaults:1 | Found the +8 storm bow {elec, penet}
 39866 | Vaults:1 | Identified the +5 ring mail of Mijisops {Will+ Regen+
                  | Dex+6}
 39867 | Vaults:1 | Identified the +8 rapier "Jiymefrewea" {heavy, rElec rF+
                  | rCorr}
 40375 | Vaults:1 | Identified the +3 dagger "Zyraf" {holy, Contam rPois rF++
                  | Int-3}
 40971 | Vaults:2 | Identified the +8 longbow of Eternal Vigilance {heavy,
                  | +Blink Dex+2}
 41141 | Vaults:2 | Identified the +5 quarterstaff of Day {flame, rN+ Str+3}
                  | (Trog gifted it to you on level 2 of the Vaults)
 41141 | Vaults:2 | Received a gift from Trog
 41234 | Vaults:2 | Found Piyniur's Jewellery Shoppe.
 41471 | Vaults:2 | Found a staircase to the Crypt.
 41539 | Vaults:2 | Found Rezoneyt's Magic Scroll Boutique.
 41547 | Vaults:2 | Bought a scroll of blinking for 120 gold pieces
 41547 | Vaults:2 | Bought a scroll of teleportation for 48 gold pieces
 41547 | Vaults:2 | Bought a scroll of teleportation for 48 gold pieces
 41925 | Vaults:3 | Reached skill level 22 in Fighting
 42113 | Vaults:3 | Reached XP level 20. HP: 197/200 MP: 19/19
 42801 | Vaults:3 | Received a gift from Trog
 43613 | Vaults:4 | Gained mutation: You occasionally shout uncontrollably at
                  | your foes. [a neqoxec]
 43755 | Vaults:4 | Received a gift from Trog
 43814 | Vaults:4 | Reached skill level 23 in Fighting
 45244 | D:14     | Killed ripuliukko's ghost
 45357 | Depths:1 | Entered Level 1 of the Depths
 45380 | Depths:1 | Reached XP level 21. HP: 211/211 MP: 6/20
 45463 | Depths:1 | Found a transporter.
 45466 | Depths:1 | Found a transporter.
 45467 | Depths:1 | Noticed Qaalar's ghost (adept TrMo)
 45652 | Depths:1 | Paralysed by a floating eye for 3 turns
 45974 | Depths:1 | Found a runed translucent door.
 46110 | Depths:1 | Found a gateway to Hell.
 46298 | Depths:2 | Found a one-way gate leading to the halls of Pandemonium.
 46499 | Depths:2 | Received a gift from Trog
 46550 | Depths:2 | Found Ysubrot's Antique Armour Emporium.
 46708 | Depths:2 | Found a one-way gateway to a ziggurat.
 46835 | Depths:2 | Noticed a juggernaut
 46839 | Depths:2 | Found a runed translucent door.
 47018 | Depths:2 | Noticed a golden dragon
 47037 | Depths:2 | Killed a golden dragon
 47045 | Depths:2 | Noticed a juggernaut
 47056 | Depths:2 | Killed a juggernaut
 47139 | Depths:2 | Identified the +0 chain mail of the Clam {Dex+4 Stlth+}
 47560 | Depths:2 | Received a gift from Trog
 47592 | Depths:2 | Reached skill level 15 in Throwing
 47602 | Depths:2 | Noticed a golden dragon
 47618 | Depths:2 | Killed a golden dragon
 47975 | Depths:2 | Killed a juggernaut
 47995 | Depths:2 | Reached skill level 24 in Fighting
 48220 | Depths:3 | Found a runed translucent door.
 48250 | Depths:3 | Noticed Jory
 48263 | Depths:3 | Killed Jory
 48383 | Depths:3 | Found a shadowy altar of Dithmenos.
 48423 | Depths:3 | Noticed a dread lich
 48433 | Depths:3 | Killed a dread lich
 48560 | Depths:3 | Received a gift from Trog
 48622 | Depths:3 | Found Capae's Jewellery Boutique.
 48634 | Depths:3 | Found Qerepler's Magic Scroll Shoppe.
 48638 | Depths:3 | Noticed a golden dragon
 48978 | Depths:3 | Paralysed by a floating eye for 4 turns
 48991 | Depths:3 | Noticed an ancient lich
 49002 | Depths:3 | Killed an ancient lich
 49003 | Depths:3 | Reached XP level 22. HP: 218/218 MP: 7/21
 49066 | Depths:3 | Found Xusulosk's Assorted Antiques.
 49102 | Depths:3 | Bought a scroll of blinking for 135 gold pieces
 49108 | Depths:3 | Found a runed translucent door.
 49109 | Depths:3 | Noticed a dread lich
 49112 | Depths:3 | Noticed Cioh's ghost (adept TrMo)
 49114 | Depths:3 | Noticed a juggernaut
 49116 | Depths:3 | Noticed a golden dragon
 49650 | Depths:3 | Killed a golden dragon
 49903 | Depths:4 | Entered Level 4 of the Depths
 49920 | Depths:4 | Noticed a golden dragon
 49920 | Depths:4 | Noticed a golden dragon
 49932 | Depths:4 | Killed a golden dragon
 49944 | Depths:4 | Killed a golden dragon
 50187 | Depths:4 | Found a gate to the Realm of Zot.
 50486 | Depths:4 | Found Iker's Assorted Antiques.
 50593 | Depths:4 | Identified the ring of Equivalence {Ice Int+4}
 50593 | Depths:4 | Noticed Josephina
 50611 | Depths:4 | Killed Josephina
 50808 | Depths:4 | Reached skill level 25 in Fighting
 51166 | Depths:4 | Found Fusmip's Book Emporium.
 51214 | Depths:3 | Bought a scroll of acquirement for 936 gold pieces
 51384 | D:15     | Received a gift from Trog
 51965 | Orc:1    | Bought a runed crystal plate armour for 2075 gold pieces
 52563 | Lair:5   | Found a corrupted altar of Lugonu.
 52573 | Lair:5   | Identified the staff of earth "Zontunn" {Will+ Int+3 Dex-2}
 52861 | Lair:1   | Acquired a manual of Evocations
 52863 | Lair:1   | Acquired a manual of Evocations
 53093 | Vaults:5 | Entered Level 5 of the Vaults
 53251 | Vaults:5 | Identified the staff of poison "Tamo Tamp" {Fly rPois}
 53484 | Vaults:5 | Identified the +5 battleaxe "Joczaliu" {flame, Str+5} (Trog
                  | gifted it to you on level 5 of the Vaults)
 53484 | Vaults:5 | Received a gift from Trog
 53858 | Vaults:5 | Reached XP level 23. HP: 232/234 MP: 7/22
 53961 | Vaults:5 | Identified the +1 rapier "Sakug" {flame, rC+ rN+ Will+
                  | Int-4}
 54068 | Vaults:5 | Received a gift from Trog
 54507 | Vaults:5 | Reached skill level 15 in Dodging
 54529 | Vaults:5 | Found Meesuam's Armour Shoppe.
 54535 | Vaults:5 | Got a silver rune of Zot
 54727 | Vaults:5 | Identified the +3 hand axe of the Dungeon {antimagic, rC-
                  | Str+4 Dex+4} (Trog gifted it to you on level 5 of the
                  | Vaults)
 54727 | Vaults:5 | Received a gift from Trog
 54741 | Vaults:5 | Reached skill level 26 in Fighting
 54936 | Vaults:5 | Identified the +3 long sword "Fuacook" {speed, rElec Will-
                  | Str+2 Int+5 SInv}
 55412 | Zot:1    | Entered Level 1 of the Realm of Zot
 55695 | Zot:2    | Noticed a curse toe
 55698 | Zot:2    | Noticed a Killer Klown
 55751 | Zot:1    | Killed a Killer Klown
 55770 | Zot:2    | Killed a curse toe
 55864 | Zot:3    | Identified the -2 pair of gloves of the Wilderness {Rampage
                  | rElec rPois Regen+}
 56130 | Zot:3    | Identified the ring "Juneteu" {rC+ Str+8 Int-5 Dex+3 SInv}
 56207 | Zot:3    | Reached skill level 15 in Evocations
 56386 | Zot:1    | Received a gift from Trog
 56769 | Zot:2    | Noticed a Killer Klown
 56770 | Zot:2    | Found the +4 dragonskin cloak
 56770 | Zot:2    | Noticed Tiamat
 56829 | Zot:2    | Killed a Killer Klown
 57136 | Zot:4    | Noticed Vv
 57200 | Zot:4    | Reached XP level 24. HP: 247/247 MP: 0/22
 57367 | Zot:5    | Entered Level 5 of the Realm of Zot
 57707 | Zot:4    | Killed Vv
 58253 | Zot:5    | Noticed a Killer Klown
 58263 | Zot:5    | Reached skill level 27 in Fighting
 58351 | Zot:5    | Received a gift from Trog
 58360 | Zot:5    | Killed a Killer Klown
 58408 | Zot:5    | Noticed a dread lich
 58417 | Zot:5    | Killed a dread lich
 58524 | Zot:5    | Noticed an orb of fire
 58524 | Zot:5    | Gained mutation: You are occasionally teleported next to
                  | monsters. [an orb of fire]
 58527 | Zot:5    | Gained mutation: Your body sometimes deteriorates upon
                  | taking damage. [an orb of fire]
 58537 | Zot:5    | Noticed a Killer Klown
 58537 | Zot:5    | Noticed an orb of fire
 58543 | Zot:5    | Noticed a dread lich
 58543 | Zot:5    | Noticed a Killer Klown
 58543 | Zot:5    | Noticed an orb of fire
 58547 | Zot:5    | Noticed an ancient lich
 58547 | Zot:5    | Noticed a Killer Klown
 58597 | Zot:2    | Noticed a Killer Klown
 58612 | Zot:2    | a Killer Klown changed into an acid blob
 58863 | Lair:1   | Lost mutation: Your body sometimes deteriorates upon taking
                  | damage. [potion of mutation]
 58863 | Lair:1   | Lost mutation: You are occasionally teleported next to
                  | monsters. [potion of mutation]
 58863 | Lair:1   | Lost mutation: You occasionally shout uncontrollably at
                  | your foes. [potion of mutation]
 58863 | Lair:1   | Gained mutation: You are dopey. (Int -2) [potion of
                  | mutation]
 59116 | Zot:2    | Lost mutation: You are dopey. (Int -2) [potion of mutation]
 59116 | Zot:2    | Gained mutation: You occasionally shout uncontrollably at
                  | your foes. [potion of mutation]
 59116 | Zot:2    | Gained mutation: You are weak. (Str -2) [potion of
                  | mutation]
 59116 | Zot:2    | Gained mutation: You are frail. (-10% HP) [potion of
                  | mutation]
 59221 | Zot:5    | Gained mutation: Your spells are a little easier to cast,
                  | but a little less powerful. [an orb of fire]
 59243 | Zot:5    | Killed an orb of fire
 59435 | Zot:5    | Killed a Killer Klown
 59466 | Zot:5    | Killed a dread lich
 59677 | Zot:5    | Noticed an orb of fire
 59679 | Zot:5    | Killed an orb of fire
 59686 | Zot:5    | Killed an ancient lich
 59700 | Zot:5    | Killed an orb of fire
 60041 | Zot:5    | Gained mutation: Your magical capacity is low. (-10% MP)
                  | [mutagenic glow]
 60052 | Zot:5    | Killed a Killer Klown
 60061 | Zot:5    | Lost mutation: Your spells are a little easier to cast, but
                  | a little less powerful. [mutagenic glow]
 60069 | Zot:5    | Gained mutation: You are very frail. (-20% HP) [mutagenic
                  | glow]
 60080 | Zot:5    | Lost mutation: You occasionally shout uncontrollably at
                  | your foes. [potion of mutation]
 60080 | Zot:5    | Lost mutation: Your magical capacity is low. (-10% MP)
                  | [potion of mutation]
 60080 | Zot:5    | Gained mutation: You are partially covered in iridescent
                  | scales. (AC +2) [potion of mutation]
 60253 | Zot:5    | Reached XP level 25. HP: 205/205 MP: 7/22
 60303 | Zot:5    | a Killer Klown changed into an acid blob
 60411 | Zot:5    | Noticed a Killer Klown
 60428 | Zot:5    | Killed a Killer Klown
 60577 | Zot:5    | Lost mutation: You are partially covered in iridescent
                  | scales. (AC +2) [potion of mutation]
 60577 | Zot:5    | Lost mutation: You are very frail. (-20% HP) [potion of
                  | mutation]
 60577 | Zot:5    | Gained mutation: Your magical capacity is low. (-10% MP)
                  | [potion of mutation]
 60577 | Zot:5    | Gained mutation: You sometimes lose your temper in combat.
                  | [potion of mutation]
 60577 | Zot:5    | Gained mutation: Your spells are a little harder to cast,
                  | but a little more powerful. [potion of mutation]
 60578 | Zot:5    | Lost mutation: Your magical capacity is low. (-10% MP)
                  | [potion of mutation]
 60578 | Zot:5    | Lost mutation: Your spells are a little harder to cast, but
                  | a little more powerful. [potion of mutation]
 60578 | Zot:5    | Lost mutation: You are frail. (-10% HP) [potion of
                  | mutation]
 60578 | Zot:5    | Gained mutation: You have a somewhat thin skeletal
                  | structure. (Dex +2, Stealth+) [potion of mutation]
 60578 | Zot:5    | Gained mutation: You have a moderately thin skeletal
                  | structure. (Dex +4, Stealth++) [potion of mutation]
 60578 | Zot:5    | Gained mutation: You have a pair of large horns on your
                  | head. [potion of mutation]
 60579 | Zot:5    | Lost mutation: You sometimes lose your temper in combat.
                  | [potion of mutation]
 60579 | Zot:5    | Lost mutation: You have a pair of large horns on your head.
                  | [potion of mutation]
 60579 | Zot:5    | Gained mutation: You are frail. (-10% HP) [potion of
                  | mutation]
 60579 | Zot:5    | Gained mutation: You have an increased reservoir of magic.
                  | (+10% MP) [potion of mutation]
 60596 | Zot:5    | Got the Orb of Zot
 60734 | Depths:3 | Noticed Tyory the pandemonium lord
 60734 | Depths:3 | Noticed an ancient lich
 60893 | D:10     | Noticed Niotoyfa the pandemonium lord
 60894 | D:10     | Gained mutation: You occasionally shout uncontrollably at
                  | your foes. [a neqoxec]
 61058 | D:$      | Escaped with the Orb!

Illustrated notes

Levels and vault maps discovered:
D:1:      sevenhm_arrival_forest_fort_large_4, layout_basic,
          ebering_ecumenical_altar_mist
D:2:      layout_basic
D:3:      layout_loops_corners, uniq_terence
D:4:      kennysheep_the_goblin_king, layout_loops_ring,
          hangedman_abyss_or_decor_slice
D:5:      layout_basic, serial_shops, nicolae_stop_n_shop_1,
          amcnicky_mini_corridor_feature, kennysheep_generic_room_4
D:6:      layout_loops_cross, mainiacjoe_overflow_tiny_flanked,
          minmay_temple_entry_statues_pillars
D:7:      layout_basic, mainiacjoe_overflow_catch_the_wave, uniq_duvessa
D:8:      layout_basic, jmf_multi_god_temple, overflow_temple_1_default,
          gammafunk_ghost_abyssal_escape, kennysheep_generic_room_7
D:9:      layout_long_grid, grunt_temple_overflow_open, david_orc_3,
          enter_bailey_4
D:10:     minmay_smoke_and_mirrors, layout_loops_ring, nicolae_overflow_squiral,
          erik_lair_island, gammafunk_ghost_wrathful_warriors
D:11:     layout_basic
D:12:     layout_rooms
D:13:     layout_rooms, skrybe_vaults_entry_preservation, serial_shops,
          nicolae_inconvenience_store, minmay_diced_spiral
D:14:     layout_cave_pools, serial_park_tiny_pond, gammafunk_ghost_smash,
          tso_altar
D:15:     hangedman_depths_entry_try_elsewhere_first, layout_loops_cross,
          serial_shops, nicolae_book_shop_shelving, cheibrodos_ashenzari_chains,
          minmay_fractal_squares_diagonal_5
Temple:   hellmonk_temple_forest_ring
Lair:1:   layout_gridlike, lemuel_fruit_tree, uniq_amaemon
Lair:2:   layout_chaotic_city, minmay_shoals_entry_centaurs, serial_rivers,
          chequers_serial_rivers_micro_e, chequers_serial_rivers_small_b,
          chequers_serial_rivers_marsh, chequers_serial_rivers_small_b
Lair:3:   layout_regular_city, nicolae_snake_entry_squirm, worms_lemuel,
          uniq_sonja
Lair:4:   layout_hall_layers, serial_bayou_shore_a, infiniplex_staircase_pool
Lair:5:   hellmonk_lair_end_abyssal_woods, layout_cave_pods, slime_entry_1,
          basic_altar
Shoals:1: dreamdust_from_the_deep, layout_shoals, nicolae_shoals_flooded_hall
Shoals:2: layout_shoals, nicolae_shoals_stone_sculpture_thing, uniq_jorgrun,
          uniq_ilsuiw, uniq_aizul
Shoals:3: layout_shoals, nicolae_shoals_hidden_pirate_stash, uniq_mara
Shoals:4: shoals_end_grunt_garden, layout_shoals, portal_ice_cave_entry_dragon
Snake:1:  layout_onion_interference, grunt_megastairs_5
Snake:2:  layout_rooms, serial_shops, nicolae_shop_tiny_glass, uniq_azrael
Snake:3:  layout_concentric_octagons, nicolae_snake_magic_snake_eye,
          uniq_vashnia
Snake:4:  grunt_snake_rune_serpentine_throne, layout_cave_town,
          grunt_ministairs_4, minmay_shop_grove
Orc:1:    layout_caves, serial_shops, nicolae_shop_drivethru
Orc:2:    grunt_orc_community_town_hall, layout_caves,
          grunt_orc_community_big_house_1, grunt_orc_community_big_house_1,
          grunt_orc_community_house_2, grunt_orc_community_house_3,
          grunt_orc_community_house_3, grunt_orc_community_house_2,
          grunt_orc_community_house_1, serial_shops, bzr_entry_dummy,
          hellmonk_ghost_happy_afterlife, mines5_lemuel, uniq_maurice
Vaults:1: st_greater_box_5, nicolae_vaults_two_Ls, nicolae_vaults_tetromino_Z_1,
          ontoclasm_vaults_misaligned, nicolae_vaults_triangles,
          ontoclasm_vaults_loading_screen, v_alt_pattern_6,
          vaults_room_stairs_pillars, grunt_vaults_hallway_long,
          vaults_dpeg_diagonal, nicolae_vaults_tangram_1,
          nicolae_vaults_double_plus_1, nicolae_vaults_house_2,
          vaults_room_hallway, nicolae_vaults_diamond_1, nicolae_vaults_house_1,
          layout_vaults_omnicross
Vaults:2: v_misc_1, nicolae_vaults_little_squares_2, v_misc_11,
          nicolae_vaults_storage_room_doors, vaults_room_mumra_shop_pool,
          vaults_room_corners, v_misc_27, ontoclasm_vaults_gateway,
          nicolae_vaults_trapezoid_4, v_pattern_5, layout_vaults_big_room,
          minmay_crypt_entry_simple_box, serial_shops, shop
Vaults:3: hangedman_vaults_river_flow, hangedman_vaults_hat,
          hangedman_vaults_impose, nicolae_vaults_mitosis,
          nicolae_vaults_murderbox, nicolae_vaults_oval_intersection,
          nicolae_vaults_little_squares_1, nicolae_vaults_trapezoid_1,
          v_rooms_4, grunt_vaults_swirl, nicolae_vaults_trapezoid_2,
          nicolae_vaults_little_squares_1, v_alt_pattern_5,
          nicolae_vaults_tangram_1, layout_vaults_ring
Vaults:4: dpeg_vaults_monster_box, hangedman_vaults_restitches,
          ontoclasm_vaults_chip, nicolae_vaults_trapezoid_lopsided_4, v_misc_2,
          v_misc_2, ontoclasm_vaults_shout, v_misc_5,
          nicolae_vaults_little_squares_2, nicolae_vaults_little_squares_1,
          nicolae_vaults_house_3, layout_vaults_maze_snakey, uniq_saint_roka
Vaults:5
Depths:1: layout_gridlike, reono_crystal_passage, abyss_entry, lightli_too_deep,
          gammafunk_ghost_mausoleum, lightli_giant_bouncers, grunt_megastairs_2
Depths:2: minmay_the_grid_triangle_9x9_rhombus_full
          [minmay_the_grid_triangle_9x9_subtriangle,
          minmay_the_grid_triangle_9x9_limited_checkers,
          minmay_the_grid_triangle_9x9_impossible_snake,
          minmay_the_grid_triangle_9x9_longest,
          minmay_the_grid_triangle_9x9_descending_squares,
          minmay_the_grid_triangle_9x9_corruption,
          minmay_the_grid_triangle_9x9_from_above,
          minmay_the_grid_triangle_9x9_prize_center], layout_basic,
          enter_ziggurat_b, serial_shops, shop, hell_entry,
          nicolae_elevator_lobby_asterisk, pan_entry, minmay_evil_grid,
          minmay_staircase_windowed_large, serial_bayou_shore_b
Depths:3: evilmike_diamond_1, layout_long_grid, muffindrake_ghost_dual_entry,
          abyss_entry, grunt_hell_entry_dis_old, special_room
          [special_room_morgue], grunt_dithmenos_smoke, serial_shops, shop,
          shop, nicolae_shop_just_a_little_nook, grunt_ministairs_2,
          infiniplex_staircase_pool_2, uniq_jory
Depths:4: evilmike_zot_entry_diamond, layout_gridlike, serial_shops,
          nicolae_book_shop_shelving, minmay_room_of_horrors, hell_entry,
          minmay_shop_star, uniq_josephina
Zot:1:    layout_twisted_circle
Zot:2:    dreamdust_zin_vs_xom, layout_cellular_growth,
          ebering_ghost_disaster_area, bh_zot_ikea_curve, uniq_tiamat
Zot:3:    layout_misc_corridors
Zot:4:    layout_basic, grunt_megastairs_3, uniq_vv
Zot:5:    layout_cathedral_of_symmetry

Skill      XL: |  1  2  3  4  5  6  7  8  9 10 11 12 13 14 15 16 17 18 19 20 21 22 23 24 25 |
---------------+----------------------------------------------------------------------------+-----
Axes           | 4 5 6 7 8 10 12 14 15 17 18 19 | 19.3
Fighting       | 4 5 6 7 9 10 11 12 13 15 16 18 19 21 22 23 24 25 26 27 | 27.0
Armour         | 3 4 5 6 7 9 10 11 12 13 15 16 17 18 19 20 21 22 | 22.9
Throwing       | 2 4 6 7 8 9 10 12 14 15 16 17 18 | 18.2
Evocations     | 2 4 5 6 7 9 10 11 12 13 15 16 | 16.9
Shields        | 1 8 12 14 15 16 17 18 19 20 21 22 | 22.0
Dodging        | 4 7 8 10 11 12 13 14 15 16 | 16.8

Action                     |  1- 3 |  4- 6 |  7- 9 | 10-12 | 13-15 | 16-18 | 19-21 | 22-24 | 25-27 || total
---------------------------+-------+-------+-------+-------+-------+-------+-------+-------+-------++-------
  Melee: Hand axe          |    83 |   102 |    40 |       |    20 |       |       |       |       ||   245
         Headbutt          |     9 |    13 |    33 |    83 |   332 |   371 |   520 |   590 |    22 ||  1973
         War axe           |       |       |   134 |   413 |  1291 |  1231 |   811 |       |       ||  3880
         Punch             |       |       |     5 |     7 |       |       |       |       |       ||    12
         Long sword        |       |       |       |       |     7 |       |       |       |       ||     7
         Broad axe         |       |       |       |       |       |   110 |   653 |  1755 |    67 ||  2585
  Throw: Dart              |       |       |     2 |     5 |     2 |       |       |       |       ||     9
 Invoke: Berserk           |     1 |     4 |     3 |     9 |     5 |     6 |     7 |     3 |       ||    38
         Trog's Hand       |       |     1 |     1 |    10 |     9 |     6 |     7 |     7 |       ||    41
         Brothers in Arms  |       |       |       |     2 |     2 |     6 |     1 |     7 |       ||    18
  Evoke: Wand              |       |       |     6 |       |     1 |       |       |       |       ||     7
         Phantom mirror    |       |       |       |       |       |     2 |       |       |       ||     2
    Use: Scroll            |     1 |     1 |     4 |     3 |    21 |     7 |     1 |    29 |     2 ||    69
         Potion            |       |       |       |    11 |     2 |     1 |       |    20 |     5 ||    39
   Stab: Distracted        |       |       |       |     1 |       |       |       |     1 |       ||     2
         Invisible         |       |       |       |     2 |       |       |       |       |       ||     2
 Armour: Animal skin       |     4 |       |       |       |       |       |       |       |       ||     4
         Leather armour    |    13 |       |       |       |       |       |       |       |       ||    13
         Scale mail        |     2 |    14 |       |       |       |       |       |       |       ||    16
         Plate armour      |       |    20 |    82 |   141 |   456 |   238 |       |       |       ||   937
         Crystal plate arm |       |       |       |       |       |   159 |   489 |   598 |    23 ||  1269
         Ice dragon scales |       |       |       |       |       |     3 |       |       |       ||     3
  Dodge: Dodged            |    43 |    52 |   131 |   186 |   453 |   287 |   313 |   386 |    18 ||  1869
  Block: Kite shield       |       |       |       |     3 |   665 |   673 |       |       |       ||  1341
         Reflection        |       |       |       |       |     8 |   224 |    49 |    41 |     2 ||   324
         Tower shield      |       |       |       |       |       |   663 |  1483 |  1757 |    80 ||  3983
